 Dungeon Crawl Stone Soup version 0.29.1-15-g9cfb28693d (webtiles) character file.

Game seed: 13213564861128879443

92155 Smoke131 the Fighter (level 15, -13/137 HPs)
             Began as a Green Draconian Fire Elementalist on Mar 2, 2023.
             Was a High Priest of Vehumet.
             Killed by an exploding bloated husk (23 damage)
             ... on level 3 of the Swamp.
             The game lasted 01:53:41 (36186 turns).

Smoke131 the Fighter (DrFE)                        Turns: 36186, Time: 01:53:41

Health: -13/137    AC: 18    Str: 17    XL:     15   Next: 57%
Magic:  6/29       EV: 20    Int: 21    God:    Vehumet [*****.]
Gold:   1417       SH:  7    Dex: 14    Spells: 8/34 levels left

rFire   + + .      SeeInvis +   v - staff of fire
rCold   + . .      Faith    .   M - +2 buckler
rNeg    . . .      Spirit   .   (body armour unavailable)
rPois   +          Reflect  .   d - +1 hat {SInv}
rElec   .          Harm     .   i - +1 cloak
rCorr   .          Rampage  .   O - +2 pair of gloves
Will    +....                   G - +1 pair of boots
Stlth   ++........              (no amulet)
HPRegen 0.32/turn               w - ring "Loneis" {Fly Str+4}
MPRegen 0.21/turn               e - ring of Xyamaih {rF+ rC+ EV+4 Dex+3 SInv}

@: flying, invisible
A: breathe noxious fumes, AC +9, unfitting armour, stinger 1, poison resistance,
cold-blooded, shaggy fur 1
a: Breathe Noxious Fumes, Renounce Religion


You were on level 3 of the Swamp.
You worshipped Vehumet.
Vehumet was extremely pleased with you.
You visited 5 branches of the dungeon, and saw 21 of its levels.
You also visited: Sewer.

You collected 3554 gold pieces.
You spent 2137 gold pieces at shops.

Inventory:

Hand Weapons
 B - a +9 vorpal spear
Missiles
 c - 3 throwing nets
Armour
 d - a +1 hat of see invisible (worn)
 i - a +1 cloak (worn)
 G - a +1 pair of boots (worn)
 M - a +2 buckler (worn)
 O - a +2 pair of gloves (worn)
Magical Staves
 v - a staff of fire (weapon)
Jewellery
 e - the ring of Xyamaih (right hand) {rF+ rC+ EV+4 Dex+3 SInv}
   (You bought it in a shop on level 5 of the Dungeon)

   [ring of evasion]

   EV:        It affects your evasion (+4).
   Dex:       It affects your dexterity (+3).
   rF:        It protects you from fire.
   rC:        It protects you from cold.
   SInv:      It lets you see invisible.
 j - a +6 ring of intelligence
 o - a ring of fire
 w - the ring "Loneis" (left hand) {Fly Str+4}
   (You bought it in a shop on level 2 of the Orcish Mines)

   [ring of flight]

   Str:       It affects your strength (+4).
   Fly:       It grants you flight.
 x - a +4 ring of protection
 R - a ring of ice
Wands
 p - a wand of light (12)
 y - a wand of flame (11)
 D - a wand of mindburst (10)
 I - a wand of roots (18)
 J - a wand of digging (3)
 Q - a wand of polymorph (8)
Scrolls
 a - 4 scrolls of identify
 b - a scroll of blinking
 m - a scroll of fear
 q - 3 scrolls of fog
 s - a scroll of enchant armour
 t - 3 scrolls of enchant weapon
 u - 2 scrolls of poison
 A - a scroll of torment
 E - 4 scrolls of teleportation
 F - a scroll of silence
 N - 2 scrolls of vulnerability
 P - a scroll of magic mapping
Potions
 f - 11 potions of curing
 g - a potion of might
 k - 2 potions of cancellation
 l - 3 potions of brilliance
 n - 2 potions of ambrosia
 r - a potion of mutation
 z - a potion of flight
 C - 2 potions of resistance
 H - a potion of berserk rage
 L - a potion of magic


   Skills:
 + Level 13.9 Fighting
 - Level 10.0 Dodging
 - Level 1.7 Stealth
 - Level 5.0 Shields
 - Level 10.0 Spellcasting
 + Level 13.3 Conjurations
 + Level 13.3 Fire Magic
 - Level 10.0 Poison Magic


You had 8 spell levels left.
You knew the following spells:

 Your Spells              Type           Power      Damage    Failure   Level
a - Foxfire               Conj/Fire      100%       2x1d9     1%          1
b - Scorch                Fire           100%       2d10      1%          2
c - Conjure Flame         Conj/Fire      79%        6-21      1%          3
d - Sticky Flame          Conj/Fire      79%        2d9       1%          4
e - Flame Wave            Conj/Fire      79%        2d17      1%          4
f - Starburst             Conj/Fire      39%        6d11      1%          6
o - Mephitic Cloud        Conj/Pois/Air  43%        N/A       1%          3
p - Ignite Poison         Fire/Tmut/Pois 59%        N/A       1%          3

Your spell library contained the following spells:

 Spells                   Type           Power      Damage    Failure   Level
 Conjure Ball Lightning   Conj/Air       19%        3x3d6     21%         6
 Inner Flame              Hex/Fire       55%        N/A       1%          3
 Hailstorm                Conj/Ice       38%        3d9       1%          4
 Freeze                   Ice            40%        1d6       2%          1
 Lightning Bolt           Conj/Air       19%        1d33      4%          5
 Frozen Ramparts          Ice            20%        1d4       7%          3
 Apportation              Tloc           20%        N/A       9%          1
 Necrotise                Necr           40%        1d6       9%          1
 Summon Small Mammal      Summ           40%        N/A       9%          1
 Sublimation of Blood     Necr           10%        N/A       12%         2
 Airstrike                Air            5%         2d(1-17)  21%         4
 Call Canine Familiar     Summ           10%        N/A       24%         3
 Confusing Touch          Hex            10%        N/A       24%         3
 Portal Projectile        Hex/Tloc       20%        N/A       24%         3
 Summon Guardian Golem    Hex/Summ       10%        N/A       24%         3
 Yara's Violent Unravell  Hex/Tmut       5%         3d4       47%         5
 Leda's Liquefaction      Hex/Erth       5%         N/A       63%         4
 Passage of Golubria      Tloc           10%        N/A       63%         4
 Summon Lightning Spire   Summ/Air       10%        N/A       63%         4
 Silence                  Hex/Air        5%         N/A       92%         5
 Summon Cactus Giant      Summ           5%         N/A       100%        6
 Enfeeble                 Hex            5%         N/A       100%        7
 Storm Form               Tmut/Air       5%         N/A       100%        7
 Borgnjor's Revivificati  Necr           5%         N/A       100%        8
 Lehudib's Crystal Spear  Conj/Erth      19%        10d6      100%        8
 Maxwell's Capacitive Co  Air            5%         ∞         100%        8
 Necromutation            Tmut/Necr      5%         N/A       100%        8


Dungeon Overview and Level Annotations

Branches:
Dungeon (10/15)            Temple (1/1) D:5            Lair (5/5) D:8
  Swamp (3/4) Lair:2       Spider (0/4) Lair:2        Slime (0/5) Lair:4
    Orc (2/2) D:10            Elf (0/3) Orc:2         Sewer (visited)

Altars:
Ashenzari
Cheibriados
Dithmenos
Elyvilon
Fedhas
Gozag
Hepliaklqana
Kikubaaqudgha
Makhleb
Nemelex Xobeh
Okawaru
Qazlal
Ru
Trog
Uskayaw
Vehumet
Wu Jian
Xom
Yredelemnul
The Shining One
Jiyva

Shops:
D:3 !   D:5 =   D:6 (   D:7 !   D:8 *   Orc:1 *   Orc:2 [?=:


Innate Abilities, Weirdness & Mutations

You can breathe blasts of noxious fumes.
Your lurid green scales are hard. (AC +9)
You cannot fit into any form of body armour.
Your tail ends in a venomous barb.
Your system is resistant to poisons. (rPois)
You are cold-blooded and may be slowed by cold attacks.
You are covered in fur. (AC +1)


Message History

You feel strangely unstable.
You have got your breath back.
The thorn hunter hits you but does no damage.
You block the thorn hunter's attack.
The shambling mangrove barely misses you.
The grasping roots constrict you.
* * * LOW HITPOINT WARNING * * *
You escape the roots grasp.
The thorn hunter attacks as you move away!
The thorn hunter misses you. The thorn hunter hits you.
* * * LOW HITPOINT WARNING * * *
The thorn hunter fires a volley of thorns at you.
The volley of thorns hits you!
* * * LOW HITPOINT WARNING * * *
A swamp worm comes into view.
Your surroundings suddenly seem different.
A tyrant leech comes into view.
Found a scroll of identify.
As you read the scroll of teleportation, it crumbles to dust.
You feel strangely unstable.
You fade into invisibility!
Casting: Scorch (safe; 1% risk of failure)
Confirm with . or Enter, or press ? or * to list all spells.
You feel a surge of power!
Flames lash the tyrant leech.
The tyrant leech is lightly wounded.
The tyrant leech's fire resistance burns away.
The tyrant leech is engulfed in a cloud of scalding steam.
Casting: Scorch (safe; 1% risk of failure)
Confirm with . or Enter, or press ? or * to list all spells.
You feel a surge of power!
Flames lash the tyrant leech.
The tyrant leech is burned terribly!
The tyrant leech is heavily wounded.
Your surroundings suddenly seem different.
A bloated husk comes into view.
Found a pair of gloves.
Found an escape hatch in the floor.
You start resting.
A bloated husk is nearby!
The bloated husk explodes!
The blast of putrescent gases engulfs you!!
You die...

...
♣§.......
PP
♣~.w...§~
♣~.~.~~~~
#.~~~~.~~
#§~~.~♣..
♣§.>§♣
♣~~~~♣♣
#~~§.~♣
♣~[@.♣
♣~~♣♣♣
♣.♣♣
♣♣♣♣♣##§♣
.n~..~.~♣
.~.♣♣♣♣♣♣


You could see a tyrant leech (wandering, unable to see you, combustible).

Vanquished Creatures
  Gastronok (Lair:2)
  A fenstrider witch (Swamp:3)
  A frost giant (Orc:1)
  An orc warlord (Orc:2)
  3 eleionomae
  2 bunyips
  An ettin (Orc:1)
  The ghost of Riqior the Frost Mage, a journeyman GnIE of Vehumet (Lair:3)
  A boulder beetle (Lair:1)
  4 ghost crabs
  6 hydras
  2 catoblepae
  2 two-headed ogres
  8 alligators
  6 orc high priests
  4 swamp dragons
  7 goliath frogs
  2 bog bodies
  2 spriggan druids
  6 orc knights
  14 cyclopes
  4 orc sorcerers (Orc:2)
  A manticore (D:7)
  2 moths of wrath (Lair:3)
  2 will-o-the-wisps (Swamp:2)
  5 black mambas
  17 elephants
  7 cane toads
  3 rime drakes
  5 komodo dragons
  3 trolls
  A bloated husk (Swamp:1)
  5 tyrant leeches
  8 hornets
  21 blink frogs
  8 polar bears
  A dream sheep (Lair:5)
  A shadow (D:10)
  19 spriggans
  3 wyverns
  34 yaks
  2 basilisks (D:8)
  3 fire bats
  16 vampire mosquitoes
  A redback (Lair:2)
  Edmund (D:4)
  5 wargs (Orc:1)
  7 swamp worms
  11 water moccasins
  44 orc warriors
  2 swamp drakes
  3 black bears
  2 ice beasts
  11 ogres
  4 boggarts (Lair:5)
  2 centaurs
  30 wolves
  A phantom (D:5)
  9 kobold brigands (Sewer)
  10 bullfrogs
  A scorpion (D:2)
  13 wights
  6 killer bees (D:9)
  6 howler monkeys
  2 electric eels
  3 jellies
  A gnoll bouda (D:5)
  3 hounds
  27 orc priests
  2 iguanas
  16 orc wizards
  2 hell rats (Lair:2)
  8 gnolls
  12 adders
  11 river rats
  A white imp (D:6)
  2 ufetubi
  5 worms
  A dart slug (D:5)
  144 orcs
  16 endoplasms
  6 giant cockroaches
  6 goblins
  7 hobgoblins
  8 jackals
  4 quokkas
  9 ball pythons
  4 bats
  A frilled lizard (D:1)
  11 kobolds
  11 rats
  A bush (Lair:4)
  A butterfly (D:2)
740 creatures vanquished.

Vanquished Creatures (others)
  4 bloated husks
  An orc wizard (D:9)
  A briar patch (Swamp:3)
  A bush (Lair:5)
  706 foxfires
  32 fungi
  59 plants
804 creatures vanquished.

Grand Total: 1544 creatures vanquished

Notes
Turn   | Place    | Note
-------+----------+-------------------------------------------
     0 | D:1      | Smoke131 the Draconian Fire Elementalist began the quest
                  | for the Orb.
     0 | D:1      | Reached XP level 1. HP: 14/14 MP: 3/3
   176 | D:1      | Reached XP level 2. HP: 22/22 MP: 1/5
   179 | D:1      | Learned a level 2 spell: Scorch
   704 | D:1      | Found a faded altar of an unknown god.
   943 | D:2      | Reached skill level 1 in Fighting
   975 | D:2      | Reached XP level 3. HP: 20/28 MP: 1/6
  1212 | D:2      | Identified the +0 robe "Rierch" {+Inv}
  1532 | D:2      | Noticed a scorpion
  1561 | D:2      | Reached XP level 4. HP: 17/35 MP: 0/7
  1585 | D:2      | Killed a scorpion
  1592 | D:2      | HP: 1/36 [poisoned by a scorpion]
  2021 | D:3      | Reached XP level 5. HP: 38/41 MP: 9/9
  2044 | D:3      | Found Olaecemn's Distillery.
  2088 | D:3      | Found a glowing drain.
  2132 | Sewer    | Entered a sewer
  2230 | Sewer    | Learned a level 3 spell: Conjure Flame
  2345 | Sewer    | Reached XP level 6. HP: 45/50 MP: 4/10
  2812 | Sewer    | Your scales start taking on a lurid green colour.
  2812 | Sewer    | Reached XP level 7. HP: 57/57 MP: 5/12
  2812 | Sewer    | Gained mutation: Your system is resistant to poisons.
                  | (rPois) [Green Draconian growth]
  4124 | D:4      | Noticed Edmund
  4542 | D:4      | Reached skill level 5 in Fire Magic
  4685 | D:4      | Killed Edmund
  4686 | D:4      | Reached XP level 8. HP: 60/67 MP: 2/14
  5106 | D:5      | Entered Level 5 of the Dungeon
  5313 | D:5      | Identified the +1 robe "Qeihozig" {rC- rCorr Str+2}
  5326 | D:5      | Learned a level 4 spell: Flame Wave
  5419 | D:5      | Identified the +3 scale mail of Awextis {Dex+5}
  5764 | D:5      | Reached skill level 5 in Fighting
  5865 | D:5      | Found a bloodstained altar of Trog.
  5937 | D:5      | Found Naurr's Jewellery Shop.
  6120 | D:5      | Found a staircase to the Ecumenical Temple.
  6219 | Temple   | Entered the Ecumenical Temple
  6419 | Temple   | Became a worshipper of Vehumet
  6914 | D:5      | Reached skill level 5 in Conjurations
  6916 | D:5      | Reached skill level 5 in Dodging
  6916 | D:5      | Reached skill level 5 in Spellcasting
  7227 | D:6      | Reached XP level 9. HP: 74/74 MP: 4/16
  7690 | D:6      | Found Zouth's Weapon Shoppe.
  7731 | D:6      | Found a glowing golden altar of the Shining One.
  7738 | D:6      | Found a hazy altar of Hepliaklqana.
  8657 | D:7      | Reached * piety under Vehumet
  8657 | D:7      | Offered knowledge of Shock by Vehumet.
  8891 | D:7      | Noticed a manticore
  8905 | D:7      | Killed a manticore
  9249 | D:7      | Found Aqepych's Distillery.
  9411 | D:7      | Got the Quarto of the Mausoleum
  9609 | D:8      | Found Raetsut's Assorted Antiques.
  9625 | D:8      | Bought a scroll labelled SOVONA XONANO for 27 gold pieces
  9625 | D:8      | Bought a scroll of identify for 54 gold pieces
  9625 | D:8      | Bought a scroll of identify for 54 gold pieces
 10266 | D:8      | Noticed an elephant
 10427 | D:8      | Reached XP level 10. HP: 86/86 MP: 0/17
 10660 | D:8      | Found a staircase to the Lair.
 10724 | D:8      | Killed an elephant
 11741 | D:9      | Offered knowledge of Magic Dart by Vehumet.
 12091 | D:9      | Reached ** piety under Vehumet
 12315 | D:9      | Found a basalt altar of Yredelemnul.
 12839 | D:10     | Entered Level 10 of the Dungeon
 12873 | D:10     | Offered knowledge of Ignite Poison by Vehumet.
 13050 | D:10     | Reached *** piety under Vehumet
 13055 | D:10     | Found a staircase to the Orcish Mines.
 13167 | D:10     | Learned a level 3 spell: Ignite Poison
 13200 | D:10     | Noticed a two-headed ogre
 13205 | D:10     | Killed a two-headed ogre
 13206 | D:10     | Reached XP level 11. HP: 44/95 MP: 12/18
 13884 | D:10     | Offered knowledge of Dazzling Flash by Vehumet.
 14272 | Lair:1   | Entered Level 1 of the Lair of Beasts
 14473 | Lair:1   | Noticed a catoblepas
 14502 | Lair:1   | Killed a catoblepas
 14612 | Lair:1   | Noticed a boulder beetle
 15133 | Lair:1   | Killed a boulder beetle
 15941 | Lair:2   | Found a staircase to the Swamp.
 16309 | Lair:2   | Reached **** piety under Vehumet
 16310 | Lair:2   | Reached skill level 10 in Fighting
 16493 | Lair:2   | Offered knowledge of Mephitic Cloud by Vehumet.
 16618 | Lair:2   | Learned a level 3 spell: Mephitic Cloud
 16757 | Lair:2   | Noticed a five-headed hydra
 16764 | Lair:2   | Reached skill level 1 in Poison Magic
 16895 | Lair:2   | Reached skill level 10 in Fire Magic
 16904 | Lair:2   | Noticed Gastronok
 16947 | Lair:2   | Killed Gastronok
 16948 | Lair:2   | Reached XP level 12. HP: 30/106 MP: 2/19
 17297 | Lair:2   | Found a hole to the Spider Nest.
 17331 | Lair:2   | Noticed an eight-headed hydra
 17345 | Lair:2   | Killed an eight-headed hydra
 17347 | Lair:2   | Reached skill level 10 in Conjurations
 17825 | Lair:2   | Killed a five-headed hydra
 18139 | Lair:3   | Reached skill level 5 in Poison Magic
 18387 | Lair:3   | Reached skill level 10 in Dodging
 19228 | Lair:3   | Found a transporter.
 19228 | Lair:3   | Found a transporter.
 19305 | Lair:3   | Found a bloodstained altar of Trog.
 19630 | Lair:3   | Noticed Riqior's ghost (journeyman GnIE)
 19754 | Lair:4   | Found a runed translucent door.
 19754 | Lair:4   | Found a viscous altar of Jiyva.
 19758 | Lair:4   | Found a staircase to the Slime Pits.
 19812 | Lair:4   | Reached ***** piety under Vehumet
 19817 | Lair:4   | Reached skill level 10 in Poison Magic
 19818 | Lair:4   | Noticed a six-headed hydra
 19823 | Lair:4   | Noticed a catoblepas
 20317 | Lair:3   | Killed a catoblepas
 20317 | Lair:3   | Offered knowledge of Starburst by Vehumet.
 20659 | Lair:4   | Learned a level 6 spell: Starburst
 20708 | Lair:4   | Killed a six-headed hydra
 21208 | Lair:4   | Reached XP level 13. HP: 113/113 MP: 14/22
 21488 | Lair:5   | Entered Level 5 of the Lair of Beasts
 21490 | Lair:5   | Identified a scroll of acquirement
 21492 | Lair:5   | Acquired 1115 gold pieces
 21673 | D:5      | Bought the ring of Xyamaih {rF+ rC+ EV+4 Dex+3 SInv} for
                  | 810 gold pieces
 21796 | D:6      | Bought a +9 spear for 600 gold pieces
 21993 | Lair:5   | Identified the +1 leather armour "Leota" {rPois}
 24277 | Lair:5   | Offered knowledge of Sticky Flame by Vehumet.
 24286 | Lair:5   | Learned a level 4 spell: Sticky Flame
 25100 | Lair:3   | Reached skill level 1 in Shields
 25106 | Lair:3   | Gained mutation: Your tail ends in a venomous barb. [Green
                  | Draconian growth]
 25106 | Lair:3   | Reached XP level 14. HP: 24/125 MP: 11/26
 25688 | Lair:3   | Killed Riqior's ghost
 25976 | Orc:1    | Entered Level 1 of the Orcish Mines
 27075 | Orc:1    | Gained mutation: You are covered in fur. (AC +1) [a
                  | neqoxec]
 27487 | Orc:1    | Identified the +5 shortbow "Lomeo" {vorpal, rPois Str+3}
 27658 | Orc:1    | Reached skill level 5 in Shields
 27665 | Orc:1    | Noticed a frost giant
 27682 | Orc:1    | Killed a frost giant
 27847 | Orc:2    | Entered Level 2 of the Orcish Mines
 27849 | Orc:2    | Offered knowledge of Irradiate by Vehumet.
 28254 | Orc:1    | Found Joestrun's Assorted Antiques.
 29051 | Orc:2    | Found the +15 Maxwell's patent armour {-Cast -Tele rElec
                  | Will+ rCorr}
 29069 | Orc:2    | Reached skill level 10 in Spellcasting
 29243 | Orc:2    | Found a staircase to the Elven Halls.
 29847 | Orc:2    | Noticed an orc warlord
 29870 | Orc:2    | Killed an orc warlord
 30202 | Orc:2    | Offered knowledge of Iskenderun's Battlesphere by Vehumet.
 30302 | Orc:2    | Found Laor's Magic Scroll Emporium.
 30643 | Orc:2    | Found Tisuff's Armour Shop.
 31128 | Orc:2    | Found Uxkitongi's Jewellery Boutique.
 31152 | Orc:2    | Found Leorawn's Book Shop.
 31874 | Swamp:1  | Entered Level 1 of the Swamp
 32327 | Orc:2    | Bought the ring "Loneis" {Fly Str+4} for 592 gold pieces
 32823 | Swamp:1  | Reached XP level 15. HP: 105/134 MP: 1/29
 35077 | Swamp:2  | Offered knowledge of Conjure Ball Lightning by Vehumet.
 36155 | Swamp:3  | Noticed a fenstrider witch
 36156 | Swamp:3  | Noticed a thorn hunter
 36164 | Swamp:3  | Killed a fenstrider witch
 36174 | Swamp:3  | HP: 6/137 [thorn hunter/volley of thorns (16)]
 36186 | Swamp:3  | Killed by an exploding bloated husk

Illustrated notes

Levels and vault maps discovered:
D:1:      eino_arrival_druids_welcome, layout_loops_ring,
          chequers_ecumenical_altar_simple
D:2:      layout_basic, hangedman_glass_garden
D:3:      layout_rooms, serial_shops, nicolae_shop_waterfront,
          cheibrodos_sewer_entry_drain
D:4:      layout_basic, uniq_edmund
D:5:      layout_basic, trog_book, minmay_temple_entry_purple_smoke,
          serial_shops, kennysheep_little_box, roderic_lattice_a,
          minmay_misc_feat_diagonals, fountainhead, minmay_liquid_box,
          chequers_arboretum, grunt_decor_cap
D:6:      layout_cave_pools, mainiacjoe_overflow_big_doors,
          nicolae_inconvenience_store
D:7:      layout_basic, serial_shops, nicolae_square_shop
D:8:      layout_rooms, david_lair_generic, serial_shops,
          nicolae_shop_statue_plus
D:9:      layout_basic, old_standard_altar
D:10:     layout_roguey [special_room_orc], erik_orc_3
Temple:   dpeg_five_rooms_temple
Lair:1:   layout_concentric_octagons, serial_bayou_pond_d, serial_bayou_shore_b,
          serial_bayou_shore_b
Lair:2:   layout_gridlike, minmay_swamp_entry_swarm, spider_nest_entry_webs,
          kennysheep_rathole, uniq_gastronok
Lair:3:   layout_hall_layers, gammafunk_ghost_wrathful_warriors
Lair:4:   layout_regular_city, slime_entry_2, pond, lemuel_fruit_tree
Lair:5:   minmay_lair_end_enchanted_forest, layout_regular_city, ldierk_geyser
Swamp:1:  layout_basic_swamp, evilmike_swamp_ruin_house_5
Swamp:2:  layout_basic_swamp, hangedman_swamp_ruin_wall
Swamp:3:  nzn_winding_woodlands_small [nzn_winding_woodlands_5x15_crooked,
          nzn_winding_woodlands_center_garden,
          nzn_winding_woodlands_5x15_sawtooth], layout_basic_swamp,
          evilmike_swamp_ruin_house_4, infiniplex_staircase_pool, uniq_mlioglotl
Orc:1:    giant_chief_lemuel, layout_diamond_mine, serial_shops, shop_coins
Orc:2:    pubby_orc_utopia

Skill      XL: |  1  2  3  4  5  6  7  8  9 10 11 12 13 14 15 |
---------------+----------------------------------------------+-----
Dodging        | 2 3 4 5 6 7 9 10 | 10.0
Fighting       | 1 2 3 4 5 7 8 10 11 12 13 | 13.9
Conjurations   | 2 3 4 5 6 8 9 10 11 12 13 | 13.3
Spellcasting   | 3 4 5 6 8 10 | 10.0
Fire Magic     | 4 5 6 7 8 10 11 12 13 | 13.3
Poison Magic   | 3 10 | 10.0
Shields        | 1 5 |  5.0
Stealth        | |  1.7

Action                   |  1- 3 |  4- 6 |  7- 9 | 10-12 | 13-15 || total
-------------------------+-------+-------+-------+-------+-------++-------
Melee: Mace              |    19 |       |       |       |       ||    19
       Tailslap          |     7 |     7 |    16 |    11 |    38 ||    79
       Spear             |    67 |    69 |    65 |    30 |       ||   231
       Punch             |       |       |     3 |     1 |       ||     4
       Flail             |       |       |    28 |       |       ||    28
       Staff             |       |       |    30 |    37 |   124 ||   191
 Cast: Foxfire           |    38 |    10 |   147 |    13 |   194 ||   402
       Scorch            |     2 |    23 |   119 |   332 |   482 ||   958
       Conjure Flame     |       |       |     2 |     3 |     1 ||     6
       Flame Wave        |       |       |       |    17 |    26 ||    43
       Ignite Poison     |       |       |       |    14 |    35 ||    49
       Mephitic Cloud    |       |       |       |     7 |    24 ||    31
       Sticky Flame      |       |       |       |       |    83 ||    83
       Starburst         |       |       |       |       |     5 ||     5
 Abil: Breathe Noxious F |       |       |     1 |    16 |    17 ||    34
Evoke: Wand              |       |       |       |     8 |     2 ||    10
  Use: Potion            |       |     4 |     4 |     8 |     1 ||    17
       Scroll            |       |       |    20 |     6 |    12 ||    38
 Stab: Sleeping          |       |     1 |     2 |       |       ||     3
       Confused          |       |       |       |     2 |       ||     2
       Invisible         |       |       |       |       |     2 ||     2
Armor: Skin              |    27 |    33 |    87 |   178 |   149 ||   474
Dodge: Dodged            |    73 |    61 |   172 |   329 |   511 ||  1146
Block: Buckler           |       |       |       |       |    90 ||    90
